 Dungeon Crawl Stone Soup version 0.29.0-4-gdea44cf6ec (webtiles) character file.

Game seed: 1697271990211071382

40 qw the Sneak (level 3, -3/29 HPs)
             Began as a Ghoul Enchanter on Sept 8, 2022.
             Slain by Ijyb
             ... wielding a +0 club
              (4 damage)
             ... on level 3 of the Dungeon.
             The game lasted 00:01:04 (2127 turns).

qw the Sneak (Ghoul Enchanter)                      Turns: 2127, Time: 00:01:05

Health: -3/29      AC:  5    Str: 13    XL:     3   Next: 50%
Magic:  4/4        EV: 10    Int: 10    God:
Gold:   14         SH:  0    Dex:  9    Spells: 5/5 levels left

rFire   . . .      SeeInvis .   k - +0 trident
rCold   + . .      Faith    .   (no shield)
rNeg    + + +      Spirit   .   a - +0 ring mail
rPois   inf        Reflect  .   (no helmet)
rElec   .          Harm     .   (no cloak)
rCorr   .          Rampage  .   (no gloves)
Will    .....                   (no boots)
Stlth   +.........              (no amulet)
HPRegen 0.00/turn               (no ring)
MPRegen 0.09/turn               (no ring)

@: about to teleport, inhibited regen
A: claws 1, cold resistance 1, negative energy resistance 3, inhibited
regeneration, torment resistance 2, devour on kill
a: no special abilities


You were on level 3 of the Dungeon.
You visited 1 branch of the dungeon, and saw 3 of its levels.

You collected 142 gold pieces.
You spent 128 gold pieces at shops.


Innate Abilities, Weirdness & Mutations

You are immune to poison.
You have sharp fingernails.
Your flesh is cold resistant. (rC+)
You are immune to negative energy. (rN+++)
You do not regenerate when monsters are visible.
You are immune to unholy pain and torment.
You thrive by killing the living.


   Skills:
 - Level 2.0 Fighting
 - Level 0.8 Short Blades
 + Level 2.0 Axes
 - Level 1.7 Dodging
 - Level 3.2 Stealth
 - Level 1.7 Spellcasting
 - Level 2.4 Hexes


You had 5 spell levels left.
You didn't know any spells.
Your spell library contained the following spells:

 Spells                   Type           Power      Damage    Failure   Level
 Ensorcelled Hibernation  Hex/Ice        6%         N/A       54%         2
 Confusing Touch          Hex            5%         N/A       61%         3
 Tukima's Dance           Hex            5%         N/A       61%         3
 Dazzling Flash           Conj/Hex       6%         N/A       78%         3

Inventory:

Hand Weapons
 k - a +0 trident (weapon)
Armour
 a - a +0 ring mail (worn)
Jewellery
 l - a ring of protection from cold
Scrolls
 f - a scroll of noise {unknown}
 g - a scroll of magic mapping {unknown}
 m - 3 scrolls of teleportation
 n - a scroll of identify {unknown}
Potions
 b - a potion of degeneration {unknown}
 c - a potion of haste {unknown}
 d - 2 potions of might
 e - a potion of attraction {unknown}
 h - a potion of cancellation
 i - a potion of flight {unknown}
 j - a potion of heal wounds {unknown}

Dungeon Overview and Level Annotations

Branches:
Dungeon (3/15)

Altars:
Dithmenos

Shops:
D:2 [   D:3 !

Annotations:
D:3 Ijyb


Message History

Ijyb is moderately wounded.
Ijyb hits you but does no damage. Ijyb hits you with a +0 club.
You hit Ijyb but do no damage.
Ijyb is moderately wounded.
Ijyb hits you with a +0 club.
You hit Ijyb but do no damage.
Ijyb is moderately wounded.
Ijyb screams, "Get away!"
Ijyb hits you with a +0 club.
You completely miss Ijyb.
Ijyb is moderately wounded.
Ijyb hits you with a +0 club.
You barely miss Ijyb.
Ijyb is moderately wounded.
Ijyb hits you with a +0 club. Ijyb closely misses you.
You barely miss Ijyb.
Ijyb is moderately wounded.
Ijyb hits you with a +0 club.
You hit Ijyb but do no damage.
Ijyb is moderately wounded.
Ijyb closely misses you.
You barely miss Ijyb.
Ijyb is moderately wounded.
Ijyb screams, "Me kill you!" Ijyb closely misses you.
You puncture Ijyb!
Ijyb is severely wounded.
Ijyb hits you with a +0 club. x2
2125 ||| READING 4 scrolls of teleportation.
As you read the scroll of teleportation, it crumbles to dust.
You feel strangely unstable.
Ijyb screams, "Get away!"
Ijyb hits you with a +0 club.
You closely miss Ijyb.
Ijyb is severely wounded.
Ijyb completely misses you.
You closely miss Ijyb.
Ijyb is severely wounded.
Ijyb hits you with a +0 club.
You die...

.##.###########....# #....# .# .#
.....##...## #....# .# #
......##...###...# ##
7.....###...'...# #
7......######...####### #
7.......###............ #
7........##...........# #
7.......##......[..... #.
7..g@..#............. #..
77777..#.........##.. #..7777 7
7777777..#............. #......7}
7}7......#......(......
#.......7777.......#........###..
#........77........#........# #..
##.......77.......##........####%
.##......77......##.........##...
#.##.....77.....## ........##.#.


You could see Ijyb.

Vanquished Creatures
  A dart slug (D:3)
  2 ball pythons
  2 bats (D:2)
  3 endoplasms
  4 giant cockroaches (D:2)
  4 goblins (D:2)
  3 hobgoblins
  A kobold (D:1)
  3 quokkas
  4 frilled lizards (D:2)
  7 rats
34 creatures vanquished.

Vanquished Creatures (others)
  A plant (D:3)
1 creature vanquished.

Grand Total: 35 creatures vanquished

Notes
Turn   | Place    | Note
-------+----------+-------------------------------------------
     0 | D:1      | qw the Ghoul Enchanter began the quest for the Orb.
     0 | D:1      | Reached XP level 1. HP: 14/14 MP: 2/2
     0 | D:1      | 0 ||| qw: Version: 0.1-a-112-g44dc6cd
     0 | D:1      | 0 ||| qw: Game counter: 6682
     0 | D:1      | 0 ||| qw: Always use a shield: true
     0 | D:1      | 0 ||| qw: God list: Okawaru
     0 | D:1      | 0 ||| qw: Allow faded altars: false
     0 | D:1      | 0 ||| qw: Do Orc after D:15 true
     0 | D:1      | 0 ||| qw: Do second Lair branch before Depths: true
     0 | D:1      | 0 ||| qw: Lair rune preference: random
     0 | D:1      | 0 ||| qw: Plans: Normal
     0 | D:1      | 0 ||| PLANNING D:1-11
   109 | D:1      | 109 ||| SWAPPING to +0 club.
   110 | D:1      | 110 ||| DROPPING +1 dagger.
   174 | D:1      | Reached skill level 1 in Axes
   197 | D:1      | 197 ||| SWAPPING to +0 spear.
   198 | D:1      | 198 ||| DROPPING +0 club.
   353 | D:1      | Reached XP level 2. HP: 7/22 MP: 3/3
   621 | D:1      | Found a faded altar of an unknown god.
   634 | D:1      | Reached skill level 1 in Fighting
   945 | D:1      | 945 ||| UPGRADING to +0 leather armour.
   955 | D:1      | 955 ||| DROPPING +0 robe.
   956 | D:1      | 956 ||| READING scroll labelled YCKONG DIOMIER.
   961 | D:1      | 961 ||| READING scroll labelled EPNEC XAHE.
   962 | D:1      | 962 ||| DROPPING 2 potions of invisibility.
  1112 | D:2      | Found Biotrott's Armour Shop.
  1126 | D:2      | 1126 ||| SHOPLISTING +0 plate armour (230 gold, have 43).
  1126 | D:2      | 1126 ||| SHOPLISTING +0 plate armour of Fulykap {Int+3}
                  | (363 gold, have 43).
  1126 | D:2      | 1126 ||| BUYING +0 ring mail (40 gold).
  1126 | D:2      | Bought a +0 ring mail for 40 gold pieces
  1126 | D:2      | 1126 ||| SHOPLISTING +1 leather armour of Hubris {Contam
                  | rC++ SInv} (301 gold, have 3).
  1126 | D:2      | 1126 ||| SHOPLISTING +3 leather armour of willpower (240
                  | gold, have 3).
  1310 | D:2      | 1310 ||| FLEEEEING.
  1311 | D:2      | 1311 ||| FLEEEEING.
  1312 | D:2      | 1312 ||| FLEEEEING.
  1313 | D:2      | 1313 ||| FLEEEEING.
  1318 | D:2      | 1318 ||| FLEEEEING.
  1319 | D:2      | 1319 ||| FLEEEEING.
  1320 | D:2      | 1320 ||| FLEEEEING.
  1321 | D:2      | 1321 ||| FLEEEEING.
  1328 | D:2      | 1328 ||| FLEEEEING.
  1329 | D:2      | 1329 ||| FLEEEEING.
  1375 | D:2      | 1375 ||| Stepping ~*~*~tactically~*~*~ (stealth).
  1377 | D:2      | 1377 ||| Stepping ~*~*~tactically~*~*~ (stealth).
  1380 | D:2      | 1380 ||| Stepping ~*~*~tactically~*~*~ (stealth).
  1384 | D:2      | 1384 ||| Stepping ~*~*~tactically~*~*~ (stealth).
  1385 | D:2      | 1385 ||| Stepping ~*~*~tactically~*~*~ (stealth).
  1387 | D:2      | 1387 ||| Stepping ~*~*~tactically~*~*~ (stealth).
  1388 | D:2      | 1388 ||| Stepping ~*~*~tactically~*~*~ (stealth).
  1446 | D:2      | Reached XP level 3. HP: 28/28 MP: 4/4
  1459 | D:2      | 1459 ||| Stepping ~*~*~tactically~*~*~ (stealth).
  1460 | D:2      | 1460 ||| Stepping ~*~*~tactically~*~*~ (stealth).
  1502 | D:2      | 1502 ||| Stepping ~*~*~tactically~*~*~ (stealth).
  1855 | D:2      | 1855 ||| UPGRADING to +0 ring mail.
  1865 | D:2      | 1865 ||| DROPPING +0 leather armour.
  1866 | D:2      | 1866 ||| READING scroll labelled QUL YGHERE.
  1867 | D:2      | 1867 ||| DRINKING 3 bubbling ruby potions.
  1890 | D:3      | Found a shadowy altar of Dithmenos.
  1930 | D:3      | 1930 ||| Stepping ~*~*~tactically~*~*~ (stealth).
  1970 | D:3      | Found Xiapn's Distillery.
  1987 | D:3      | 1987 ||| BUYING potion of cancellation (88 gold).
  1987 | D:3      | Bought a potion of cancellation for 88 gold pieces
  1987 | D:3      | 1987 ||| SHOPLISTING potion of curing (33 gold, have 2).
  1987 | D:3      | 1987 ||| SHOPLISTING potion of resistance (110 gold, have
                  | 2).
  1999 | D:3      | 1999 ||| SWAPPING to +0 trident.
  2029 | D:3      | 2029 ||| DROPPING +0 spear.
  2107 | D:3      | Noticed Ijyb
  2124 | D:3      | HP: 5/29 [Ijyb/+0 club (3)]
  2124 | D:3      | HP: 2/29 [Ijyb/+0 club (3)]
  2125 | D:3      | 2125 ||| READING 4 scrolls of teleportation.
  2127 | D:3      | Slain by Ijyb

Levels and vault maps discovered:
D:1:      erik_arrival_triangle_huge, layout_basic,
          shapermc_ecumenical_altar_mp_highgroup
D:2:      layout_loops_ring, serial_shops, shop_coins, minmay_misc_feat_alley
D:3:      layout_basic, mainiacjoe_overflow_chevrons, serial_forest,
          infiniplex_forest_clump_medium, infiniplex_forest_straight_2,
          infiniplex_forest_lined_3, infiniplex_forest_clump_tiny,
          infiniplex_forest_clump_diagonal, infiniplex_forest_straight_2,
          serial_shops, nicolae_shop_stone, kennysheep_cross_room, uniq_ijyb

Skill      XL: |  1  2  3 |
---------------+----------+-----
Axes           | 1 2 |  2.0
Fighting       | 1 2 |  2.0
Short Blades   | |  0.8
Dodging        | |  1.7
Stealth        | |  3.2
Spellcasting   | |  1.7
Hexes          | |  2.4

Action                   || total
-------------------------++-------
Melee: Club              ||     8
       Spear             ||   103
       Dagger            ||     4
       Punch             ||     1
       Trident           ||    22
  Use: Scroll            ||     4
       Potion            ||     1
Armor: Leather armour    ||    14
       Robe              ||     2
       Ring mail         ||     3
Dodge: Dodged            ||    54

Table legend:
 A = Non-vault XP
 B = Vault XP
 C = Vault XP percentage of total XP
 D = Non-vault monster count
 E = Vault monster count
 F = Vault count percentage of total count
                 A         B        C        D         E       F
            +---------+---------+-------+---------+---------+-------
      Total |      58 |       0 |   0.0 |      34 |       0 |   0.0
            +---------+---------+-------+---------+---------+-------
        D:1 |      15 |       0 |   0.0 |      10 |       0 |   0.0
        D:2 |      32 |       0 |   0.0 |      19 |       0 |   0.0
        D:3 |      11 |       0 |   0.0 |       5 |       0 |   0.0
            +---------+---------+-------+---------+---------+-------
